 Dungeon Crawl Stone Soup version 0.31.0-11-ge490571c62 (webtiles) character file.

Game seed: 8965112031079880000

7249 juan097 the Slicer (level 11, -3/64 HPs)
             Began as a Tengu Brigand on Feb 4, 2024.
             Was a Priest of Fedhas.
             Slain by a sixfirhy (9 damage)
             ... on level 9 of the Dungeon.
             The game lasted 00:28:07 (8338 turns).

juan097 the Slicer (Tengu Brigand)                  Turns: 8338, Time: 00:28:07

Health: -3/64      AC:  8    Str: 12    XL:     11   Next: 12%
Magic:  11/16      EV: 36    Int: 11    God:    Fedhas [***...]
Gold:   448        SH:  5    Dex: 26    Spells: 10/10 levels left

rFire   . . .        b - +2 dagger (holy)
rCold   . . .        (no shield)
rNeg    . . .        m - +1 ring mail {rPois}
rPois   +            (helmet restricted)
rElec   .            c - +0 cloak
rCorr   .            (no gloves)
SInv    .            (boots unavailable)
Will    +....        G - amulet of reflection
Stlth   +++          I - +6 ring of dexterity
HPRegen 0.30/turn    j - ring of willpower
MPRegen 0.15/turn

%: reflection, acrobat
@: acrobatic, flying
A: beak, talons 3, evasive flight, acrobatic
a: Renounce Religion, Wall of Briars, Grow Ballistomycete


You were on level 9 of the Dungeon.
You worshipped Fedhas.
Fedhas was most pleased with you.
You visited 2 branches of the dungeon, and saw 10 of its levels.
You also visited: Sewer and Ossuary.

You collected 868 gold pieces.
You spent 420 gold pieces at shops.

Inventory:

Hand Weapons
 a - a +0 arbalest
 b - a +2 dagger of holy wrath (weapon)
 C - a +0 falchion of electrocution
 E - a +1 long sword of holy wrath
Missiles
 d - 15 poisoned darts (quivered)
 e - 3 curare-tipped darts
 N - 10 boomerangs
 T - 5 atropa-tipped darts
Armour
 c - a +0 cloak (worn)
 h - the +1 robe of Qunefuam {rCorr Stlth+}
   (You found it on level 4 of the Dungeon)

   rCorr:     It protects you from acid and corrosion.
   Stlth+:    It makes you more stealthy.
 m - a +1 ring mail of poison resistance (worn)
 R - +0 steam dragon scales
Magical Staves
 A - a staff of air
Jewellery
 j - a ring of willpower (right hand)
 n - a ring of ice
 G - an amulet of reflection (around neck)
 H - a ring of poison resistance
 I - a +6 ring of dexterity (left hand)
 L - a ring of protection from fire
Wands
 z - a wand of flame (28)
 K - a wand of mindburst (2)
 O - a wand of roots (6)
 Q - a wand of charming (10)
Scrolls
 g - 3 scrolls of poison
 i - a scroll of blinking
 k - 2 scrolls of fear
 l - 2 scrolls of vulnerability
 o - 3 scrolls of enchant weapon {unknown}
 p - 2 scrolls of butterflies {unknown}
 t - a scroll of amnesia
 y - 2 scrolls of brand weapon {unknown}
 B - 3 scrolls of teleportation {unknown}
 D - 2 scrolls of enchant armour {unknown}
 F - a scroll of fog
 M - a scroll of silence
 P - a scroll of immolation {unknown}
 S - a scroll of revelation {unknown}
Potions
 f - 3 potions of curing {unknown}
 q - 3 potions of heal wounds {unknown}
 r - a potion of ambrosia
 s - a potion of enlightenment {unknown}
 u - a potion of degeneration {unknown}
 v - a potion of magic {unknown}
 w - a potion of invisibility {unknown}
 x - 2 potions of lignification {unknown}
 J - a potion of might {unknown}


   Skills:
 - Level 6.0 Fighting
 + Level 9.8 Short Blades
 * Level 7.8 Ranged Weapons
 - Level 2.0 Throwing
 - Level 4.0 Armour
 - Level 8.0 Dodging
 - Level 4.0 Stealth
 - Level 6.0 Invocations
 - Level 3.0 Evocations


You had 10 spell levels left.
You didn't know any spells.
Your spell library contained the following spells:

 Spells                   Type           Power      Damage    Failure   Level
 Apportation              Tloc           0%         N/A       58%         1
 Kiss of Death            Conj/Necr      0%         2d5       58%         1
 Magic Dart               Conj           0%         1d3       58%         1
 Necrotise                Necr           0%         1d4       58%         1
 Sting                    Conj/Alch      0%         1d3       58%         1
 Summon Small Mammal      Summ           0%         N/A       58%         1
 Searing Ray              Conj           0%         2d4       75%         2
 Confusing Touch          Hex            0%         N/A       92%         3
 Dispel Undead            Necr           0%         3d6       100%        4
 Fulminant Prism          Conj/Alch      0%         3d5       100%        4


Dungeon Overview and Level Annotations

Branches:
Dungeon (9/15)             Temple (1/1) D:5           Sewer (visited)
Ossuary (visited)
   Lair: D:8-11         Orc: D:9-12

Altars:
Ashenzari
Cheibriados
Dithmenos
Elyvilon
Fedhas
Gozag
Hepliaklqana
Kikubaaqudgha
Makhleb
Nemelex Xobeh
Qazlal
Ru
Sif Muna
Trog
Uskayaw
Vehumet
Wu Jian
Xom
Yredelemnul
Zin
The Shining One

Shops:
D:5 *   D:7 :

Annotations:
D:7 2 transporters, bearlyready's ghost, novice OnBe


Innate Abilities, Weirdness & Mutations

You have a beak for a mouth.
You have claws for feet.
Your magical flight helps you evade attacks. (EV +4)
You can magically evade attacks while moving or waiting.


Message History

As you read the scroll of blinking, it crumbles to dust.
As you close the door, it creaks loudly!
There is a stone staircase leading up here.
Press: ? - help, v - describe, . - travel
Here: a sixfirhy The floor.
Unknown command.
Okay, then.
Okay, then.
Aiming: Charm
Press: ? - help, Shift-Dir - straight line, f - sixfirhy
Aim: a sixfirhy (chance to affect: 23%)
Okay, then.
Aiming: Fastroot
Press: ? - help, Shift-Dir - straight line The roots erupt in riotous growth!
Roots grab the sixfirhy.
The grasping roots constrict the sixfirhy.
The sixfirhy barely misses you. x2
You are no longer corroded.
The grasping roots constrict the sixfirhy.
Something unseen opens the door.
Aiming: Grow Ballistomycete (16% risk of failure)
Press: ? - help, Dir - move target You fail to use your ability.
The grasping roots constrict the sixfirhy.
The roots release their grip on the sixfirhy.
Unknown command.
Aiming: Grow Ballistomycete (16% risk of failure)
Press: ? - help, Dir - move target A ballistomycete grows from the ground.
The sixfirhy hits you!
* * * LOW HITPOINT WARNING * * *
The sixfirhy shocks you!
* * * LOW HITPOINT WARNING * * *
The sixfirhy misses you. x2; The sixfirhy barely misses you.
The sixfirhy attacks as it pursues you! The sixfirhy hits you.
* * * LOW HITPOINT WARNING * * *
The sixfirhy shocks you!
You die...
Fedhas appreciates your contribution to the ecosystem.

...##..###'#....###.# #.#
##.##..# #.#....# #.## #.#
#.##..# #.#....###..####.##
#.##..###.#...............#
#.##................####.##
#.##.....................#
##.###.##..#...#####'######
..............<.........#
........##.....3@.......#
........##.....P........#
........##......∩.......#
..>.....'4....).........#
........##..............#
........##..............#
........##..............#
##3###'###...........)..#
#># #.# #..............####


You could see a rust devil, a sixfirhy (ally target) and a friendly
ballistomycete (summoned).

Vanquished Creatures
  3 two-headed ogres
  Amaemon (D:8)
  Pikel (D:8)
  An orange demon (D:8)
  Maggie (D:8)
  A hornet (D:9)
  Prince Ribbit (D:5)
  A wyvern (D:8)
  A ynoxinul (D:9)
  Edmund (D:5)
  Pargi (Sewer)
  3 ice beasts
  An orc warrior (D:7)
  2 ogres
  4 black bears
  A lemure (D:8)
  2 centaurs
  A kobold brigand (D:8)
  Blork the orc (D:5)
  2 bullfrogs
  2 brain worms (Sewer)
  4 scorpions
  3 wights (D:7)
  8 killer bees
  A howler monkey (D:8)
  3 hounds
  3 orc priests
  A bombardier beetle (D:3)
  A jelly (D:6)
  Jessica (D:3)
  2 orc wizards (D:7)
  A sleepcap (D:5)
  4 iguanas
  8 mummies (Ossuary)
  7 gnolls
  7 adders
  2 white imps (D:8)
  4 ufetubi (D:4)
  A ribbon worm (D:2)
  2 dart slugs
  24 orcs
  8 ball pythons
  11 bats
  8 endoplasms
  6 giant cockroaches
  7 goblins
  5 hobgoblins
  8 jackals
  4 quokkas
  2 frilled lizards
  A gnoll zombie (Ossuary)
  2 hobgoblin zombies (Ossuary)
  18 kobolds
  2 kobold zombies (Ossuary)
  3 orc zombies (Ossuary)
  7 rats
211 creatures vanquished.

Vanquished Creatures (others)
  A kobold (Sewer)
1 creature vanquished.

Grand Total: 212 creatures vanquished

Notes
Turn   | Place    | Note
-------+----------+-------------------------------------------
     0 | D:1      | juan097 the Tengu Brigand began the quest for the Orb.
     0 | D:1      | Reached XP level 1. HP: 12/12 MP: 2/2
   137 | D:1      | Reached XP level 2. HP: 17/17 MP: 3/3
   543 | D:1      | Reached skill level 3 in Short Blades
   550 | D:1      | Reached XP level 3. HP: 7/21 MP: 4/4
  1404 | D:2      | Reached XP level 4. HP: 26/26 MP: 5/5
  1781 | D:3      | Reached skill level 4 in Short Blades
  1820 | D:3      | Found a burning altar of Makhleb.
  1936 | D:3      | You fall into a shaft and drop 2 floors!
  1936 | D:5      | Entered Level 5 of the Dungeon
  1987 | D:5      | Reached XP level 5. HP: 17/30 MP: 6/6
  2074 | D:4      | Reached skill level 5 in Short Blades
  2087 | D:4      | Found a blossoming altar of Fedhas.
  2090 | D:4      | Identified the +1 robe of Qunefuam {rCorr Stlth+}
  2115 | D:4      | Became a worshipper of Fedhas Madash
  2142 | D:4      | Found a sand-covered staircase.
  2164 | Ossuary  | Entered an ossuary
  2485 | Ossuary  | Reached skill level 6 in Short Blades
  2485 | Ossuary  | Reached XP level 6. HP: 35/35 MP: 7/7
  2768 | D:3      | Noticed Jessica
  2784 | D:3      | Killed Jessica
  2825 | D:3      | Reached skill level 1 in Armour
  2836 | D:3      | Reached * piety under Fedhas
  2905 | D:3      | Found a hide-covered altar of Uskayaw.
  2916 | D:3      | Found a shimmering blue altar of Sif Muna.
  2917 | D:3      | Found a shadowy altar of Dithmenos.
  3102 | D:3      | Found a faded altar of an unknown god.
  3236 | D:4      | Noticed a black bear
  3255 | D:4      | Killed a black bear
  3256 | D:4      | Gained mutation: Your magical flight helps you evade
                  | attacks. (EV +4) [Tengu growth]
  3256 | D:4      | Reached XP level 7. HP: 40/40 MP: 8/8
  3654 | D:4      | Reached ** piety under Fedhas
  3794 | D:5      | Found a radiant altar of Vehumet.
  3852 | D:5      | Found a staircase to the Ecumenical Temple.
  3853 | D:5      | Noticed Blork the orc
  3859 | D:5      | Noticed Edmund
  3957 | D:5      | Noticed Prince Ribbit
  3973 | D:5      | Killed Prince Ribbit
  3974 | D:5      | Reached skill level 7 in Short Blades
  3974 | D:5      | Reached skill level 1 in Invocations
  3974 | D:5      | Reached XP level 8. HP: 28/48 MP: 9/9
  4053 | D:5      | Killed Blork the orc
  4068 | D:5      | Found Ifean's Neck Hole.
  4100 | D:5      | Reached skill level 5 in Dodging
  4114 | D:5      | Killed Edmund
  4121 | D:5      | Bought an amulet of reflection for 420 gold pieces
  4517 | Temple   | Entered the Ecumenical Temple
  4639 | D:6      | Reached skill level 8 in Short Blades
  4645 | D:6      | Found a glowing drain.
  4703 | Sewer    | Entered a sewer
  4762 | Sewer    | Noticed Pargi
  4771 | Sewer    | Killed Pargi
  4772 | Sewer    | Reached XP level 9. HP: 52/52 MP: 13/13
  4940 | D:6      | Reached skill level 1 in Evocations
  5086 | D:6      | Reached skill level 1 in Ranged Weapons
  5651 | D:7      | Reached *** piety under Fedhas
  5741 | D:7      | Found a broken altar of Ashenzari.
  6182 | D:7      | Found Hiwkes's Book Emporium.
  6355 | D:7      | Found a transporter.
  6359 | D:7      | Found a transporter.
  6360 | D:7      | Noticed bearlyready's ghost (novice OnBe)
  6661 | D:8      | Noticed Maggie
  6663 | D:8      | Killed Maggie
  6664 | D:8      | Reached skill level 5 in Fighting
  6667 | D:8      | Noticed an orange demon
  6774 | D:8      | Reached XP level 10. HP: 59/59 MP: 14/14
  6782 | D:8      | Found an ornate altar of the Wu Jian Council.
  6782 | D:8      | Noticed Pikel
  6819 | D:8      | Killed Pikel
  6820 | D:8      | Reached skill level 5 in Invocations
  7003 | D:8      | Noticed Amaemon
  7008 | D:8      | Noticed a two-headed ogre
  7155 | D:8      | Reached skill level 9 in Short Blades
  7291 | D:8      | Killed Amaemon
  7292 | D:8      | Reached skill level 5 in Ranged Weapons
  7352 | D:8      | Killed an orange demon
  7420 | D:8      | Killed a two-headed ogre
  7905 | D:9      | Noticed a two-headed ogre
  7914 | D:9      | Killed a two-headed ogre
  7915 | D:9      | Reached XP level 11. HP: 64/64 MP: 13/16
  8025 | D:9      | Noticed a two-headed ogre
  8029 | D:9      | Killed a two-headed ogre
  8053 | D:9      | Found a sparkling altar of Nemelex Xobeh.
  8137 | D:9      | Found a glowing golden altar of the Shining One.
  8207 | D:9      | Found a white marble altar of Elyvilon.
  8321 | D:9      | Noticed a sixfirhy
  8338 | D:9      | Slain by a sixfirhy

Illustrated notes

Levels and vault maps discovered:
D:1:      dpeg_arrival_radiant, layout_loops_corners
D:2:      layout_basic
D:3:      layout_rooms, nicolae_overflow_crystal_walls,
          chequers_temple_overflow_statue_of_worship,
          shapermc_ecumenical_altar_mp_vishouse, uniq_jessica
D:4:      layout_cave_pools, amcnicky_altar_gilded,
          nicolae_ossuary_entry_false_entrances, chequers_decorated_corner
D:5:      layout_rooms, mainiacjoe_overflow_tiny_flanked, temple_fountains,
          nicolae_shop_sticking_my_neck_out, uniq_edmund, uniq_prince_ribbit1,
          uniq_blork_the_orc
D:6:      layout_cave_pools, gup_sewer_entry_glass
D:7:      layout_basic, cheibrodos_ashenzari_chains, gammafunk_ghost_arena,
          serial_shops, nicolae_square_shop
D:8:      layout_basic, lemuel_tele_altar, serial_glass, glass_columns_b,
          glass_columns_a, glass_columns_a, feat_on_display, item_on_display_a,
          uniq_pikel, uniq_amaemon, uniq_maggie
D:9:      layout_basic, elyvilon_altar_5, nemelex_spade_bored_becter, tso_altar,
          serial_demonic, serial_demonic_d, serial_demonic_e, serial_demonic_g,
          serial_demonic_f, nicolae_demonic_statue_gallery
Temple:   hellmonk_temple_micro_hex

Skill      XL: |  1  2  3  4  5  6  7  8  9 10 11 |
---------------+----------------------------------+-----
Dodging        | 2 3 4 6 7 8 |  8.0
Short Blades   | 3 4 6 7 8 9 |  9.8
Armour         | 2 3 4 |  4.0
Fighting       | 4 5 6 |  6.0
Invocations    | 1 4 5 6 |  6.0
Evocations     | 2 3 |  3.0
Ranged Weapons | 3 7 |  7.8
Throwing       | |  2.0
Stealth        | |  4.0

Action                     |  1- 3 |  4- 6 |  7- 9 | 10-12 || total
---------------------------+-------+-------+-------+-------++-------
  Melee: Dagger            |    72 |   178 |   301 |    64 ||   615
         Kick              |    19 |    68 |   115 |    20 ||   222
         Peck              |    13 |    28 |    63 |    16 ||   120
         Punch             |     2 |       |     5 |       ||     7
   Fire: Sling             |       |       |    51 |       ||    51
         Arbalest          |       |       |     4 |    69 ||    73
  Throw: Dart              |    12 |    37 |    42 |     5 ||    96
         Throwing net      |       |     1 |       |       ||     1
 Invoke: Wall of Briars    |       |       |     1 |     2 ||     3
         Grow Ballistomyce |       |       |       |     1 ||     1
  Evoke: Wand              |       |       |    10 |     1 ||    11
    Use: Scroll            |       |       |     9 |     2 ||    11
   Stab: Sleeping          |     7 |     1 |     6 |       ||    14
         Distracted        |       |       |       |     1 ||     1
 Armour: Robe              |    22 |     1 |       |       ||    23
         Ring mail         |       |    47 |    71 |    25 ||   143
  Dodge: Dodged            |    42 |    83 |   188 |    64 ||   377
  Block: Other             |       |       |    39 |    15 ||    54
         Reflection        |       |       |     3 |     1 ||     4
